Map: Orbital Shipyard

Players

PiG - Winner!

  • Race: Zerg Zerg
  • League: Grandmaster

iaguz

  • Race: Terran Terran

Event: 2016 WCS Winter Challenger Oceania SEA

VOD

Have the link to the VOD?

Description

Time

  • Played on: Feb. 12, 2016, 10:35 p.m.
  • Length: 13:56

All games in this series

Show
View Real Time Build Order
Export as new Build Order

PiG Zerg - Winner!

Build Orders: Hatch First 

Get SALT Encoding   

  12  0:00  Drone  
  13  0:12  Overlord  
  13  0:18  Drone  
  14  0:30  Drone x2  
  14  0:34  Drone  
  17  0:52  Hatchery  
  17  0:55  Drone  
  17  0:58  Drone  
  18  1:12  Spawning Pool  
  18  1:14  Extractor  
  18  1:16  Drone  
  17  1:19  Drone  
  18  1:28  Drone  
  19  1:38  Overlord  
  19  1:50  Drone  
  20  1:58  Queen  
  20  2:00  Zergling x2  
  23  2:03  Queen  
  23  2:04  Zergling x2  
  26  2:14  Drone  
  27  2:17  Metabolic Boost  
  27  2:19  Drone  
  28  2:23  Zergling x2  
  29  2:37  Queen  
  31  2:45  Overlord  
  31  2:47  Drone x4  
  35  2:58  Drone  
  36  2:59  Hatchery  
  36  3:04  Drone  
  36  3:08  Drone  
  36  3:11  Overlord  
  36  3:12  Drone x2  
  39  3:17  Drone x2  
  39  3:18  Drone  
  42  3:22  Drone  
  42  3:26  Overlord  
  43  3:28  Drone  
  43  3:33  Drone  
  45  3:38  Drone, Extractor  
  45  3:39  Roach Warren  
  44  3:43  Drone  
  44  3:47  Overlord  
  45  3:48  Drone  
  45  3:49  Drone x3  
  45  3:50  Drone  
  50  3:59  Overlord, Drone  
  51  4:11  Extractor  
  51  4:13  Queen  
  52  4:18  Drone x4  
  52  4:19  Drone  
  52  4:22  Drone x2  
  52  4:23  Overlord  
  59  4:24  Drone  
  59  4:25  Lair  
  59  4:26  Drone x2  
  62  4:36  Overlord  
  62  4:37  Overlord  
  62  4:40  Roach x2  
  62  4:42  Drone  
  62  4:44  Drone  
  68  4:50  Spore Crawler  
  67  4:56  Drone x2  
  69  5:00  Drone x2  
  69  5:01  Drone x4  
  69  5:02  Evolution Chamber  
  69  5:03  Spore Crawler, Evolution Chamber  
  72  5:09  Spore Crawler  
  72  5:13  Drone  
  72  5:14  Drone x3  
  74  5:22  Spore Crawler  
  74  5:23  Drone x2  
  74  5:24  Drone  
  74  5:26  Overseer  
  74  5:27  Zerg Missile Weapons Level 1, Queen  
  78  5:32  Overlord, Extractor  
  78  5:33  Extractor  
  78  5:34  Zerg Ground Armor Level 1, Glial Reconstitution, Extractor  
  75  5:37  Drone x2  
  75  5:41  Drone  
  75  5:42  Drone x2  
  79  5:54  Drone x3  
  82  6:00  Drone x3  
  82  6:02  Drone x3  
  87  6:05  Infestation Pit  
  86  6:24  Roach x6  
  86  6:25  Overlord x3  
  96  6:31  Drone  
  97  6:34  Overseer  
  97  6:43  Overlord x4  
  97  6:45  Hive  
  97  6:46  Pathogen Glands  
  97  6:47  Hatchery  
  96  6:48  Drone  
  96  6:49  Roach x5  
  96  6:50  Roach  
  109  6:55  Pneumatized Carapace  
  109  6:59  Drone  
  110  7:01  Roach x2  
  113  7:09  Roach x3  
  117  7:19  Hatchery  
  117  7:22  Ravager x3  
  119  7:25  Infestor, Zerg Melee Weapons Level 1  
  119  7:27  Zergling x18  
  130  7:34  Overlord  
  130  7:39  Extractor  
  130  7:41  Zerg Ground Armor Level 2  
  130  7:43  Extractor  
  128  7:45  Drone  
  129  7:52  Zergling x14  
  136  8:00  Zergling x8  
  140  8:09  Infestor  
  140  8:11  Spore Crawler  
  140  8:13  Ravager x2  
  140  8:14  Zergling x6  
  140  8:18  Infestor  
  147  8:20  Zergling x12  
  147  8:25  Hatchery  
  147  8:27  Overlord x4, Ultralisk Cavern  
  151  8:37  Zergling x2  
  152  8:50  Zergling x14  
  143  9:04  Zergling x14  
  143  9:09  Zergling x12  
  143  9:12  Zergling x2  
  143  9:14  Chitinous Plating  
  143  9:16  Ultralisk  
  150  9:17  Burrow  
  150  9:25  Ultralisk x4  
  173  9:39  Ultralisk  
  173  9:42  Zergling x8  
  181  9:49  Queen  
  180  9:59  Zergling x4  
  157  10:08  Ultralisk, Zergling x8  
  157  10:09  Zergling x18  
  152  10:15  Infestor x2  
  152  10:17  Zergling x6  
  149  10:26  Drone x4  
  149  10:27  Drone x2  
  155  10:29  Extractor  
  155  10:34  Zerg Melee Weapons Level 2  
  150  10:40  Zergling x18  
  159  10:53  Hatchery, Drone  
  159  10:54  Drone x4  
  160  11:02  Zerg Ground Armor Level 3  
  142  11:28  Ultralisk x3  
  160  11:37  Overlord x3  
  160  11:39  Ultralisk  
  166  11:48  Ultralisk  
  172  12:01  Ultralisk  
  172  12:02  Ultralisk  
  183  12:14  Ultralisk x2  
  195  12:24  Spire  
  186  12:40  Ultralisk  
  186  12:43  Overlord  
  192  12:47  Ravager x2  
  194  12:52  Extractor x2  
  168  13:23  Drone x3  
  168  13:24  Drone x3  
  168  13:26  Zergling x18  
  183  13:34  Zergling x16  
Show
View Real Time Build Order
Export as new Build Order

iaguz Terran 

Build Orders: Reaper Expand, Bio Tank, Banshee Rush 

Get SALT Encoding   

  12  0:00  SCV  
  13  0:13  SCV  
  14  0:17  Supply Depot  
  14  0:25  SCV  
  15  0:39  SCV  
  15  0:41  Barracks  
  16  0:45  Refinery  
  16  0:51  SCV  
  17  1:03  SCV  
  18  1:15  SCV  
  19  1:27  Orbital Command  
  19  1:28  Reaper  
  20  1:39  Command Center  
  20  1:47  Supply Depot  
  20  1:53  SCV  
  21  2:00  Marine  
  22  2:05  Factory  
  22  2:06  SCV  
  23  2:13  Refinery  
  23  2:18  SCV  
  24  2:24  Barracks Reactor  
  24  2:30  SCV  
  25  2:43  SCV  
  25  2:50  Command Center  
  25  2:55  SCV, Orbital Command  
  26  3:03  Starport  
  26  3:07  SCV  
  26  3:11  Marine  
  26  3:12  Marine  
  29  3:14  Factory Tech Lab  
  29  3:20  SCV  
  29  3:21  SCV  
  31  3:31  Marine x2  
  31  3:33  SCV x2  
  35  3:39  Factory Tech Lab  
  35  3:45  SCV  
  35  3:46  Banshee, SCV  
  40  3:49  Cloaking Field  
  40  3:52  Marine x2  
  42  3:57  SCV  
  42  3:58  SCV  
  44  4:03  Orbital Command  
  44  4:04  Siege Tank  
  44  4:09  SCV  
  48  4:10  SCV  
  51  4:21  SCV  
  51  4:22  SCV  
  53  4:26  Barracks  
  53  4:29  Banshee, SCV  
  53  4:30  Barracks  
  55  4:33  SCV  
  55  4:34  SCV  
  55  4:35  Barracks Tech Lab  
  55  4:36  Supply Depot  
  57  4:41  SCV  
  57  4:45  Refinery, SCV  
  59  4:46  Refinery, SCV  
  59  4:47  Factory Reactor  
  60  4:55  Supply Depot, Engineering Bay  
  60  4:56  Orbital Command, Engineering Bay, Marine  
  60  4:58  Stimpack  
  61  5:00  SCV x2  
  63  5:13  SCV x2  
  65  5:14  Marine  
  65  5:16  Supply Depot  
  66  5:23  SCV  
  66  5:25  SCV  
  66  5:26  Marine x2  
  71  5:32  Marine  
  71  5:33  Terran Infantry Weapons Level 1, SCV, Terran Infantry Armor Level 1  
  73  5:35  Barracks, SCV  
  73  5:36  Barracks  
  73  5:38  SCV  
  73  5:40  Medivac, Marine  
  77  5:43  Marine  
  77  5:45  SCV  
  77  5:47  SCV  
  77  5:48  Medivac, Marine  
  83  5:50  SCV  
  84  5:57  SCV  
  84  6:03  Supply Depot  
  85  6:04  Supply Depot, Siege Tank, SCV, Marine x3  
  85  6:06  Supply Depot  
  85  6:09  SCV  
  93  6:16  SCV  
  93  6:24  SCV, Marine x2  
  93  6:25  Marine  
  94  6:27  Armory, Supply Depot x2, SCV  
  94  6:28  SCV  
  94  6:29  Supply Depot  
  96  6:34  Marine  
  96  6:35  Barracks Reactor x2  
  96  6:36  SCV  
  96  6:39  SCV  
  101  6:40  Refinery x2, SCV  
  101  6:42  Marine x2  
  101  6:43  Siege Tank, Combat Shields, Marine  
  104  6:48  SCV  
  104  6:51  Supply Depot  
  104  6:52  SCV x2  
  107  6:57  Marauder  
  107  6:58  Medivac x2  
  107  7:00  SCV  
  114  7:10  Marine x3  
  114  7:15  Marine x4  
  119  7:16  Siege Tank  
  119  7:18  Factory, Marine  
  119  7:21  Supply Depot x2  
  119  7:22  Supply Depot  
  123  7:25  Barracks  
  123  7:28  Marauder, Marine x2  
  123  7:29  Barracks  
  127  7:32  Terran Infantry Weapons Level 2  
  127  7:33  Marine x2  
  129  7:39  Marauder, Marine x2  
  129  7:40  Medivac  
  129  7:41  Medivac  
  129  7:44  Supply Depot  
  137  7:45  Supply Depot x2  
  137  7:49  Marine  
  137  7:50  Marauder, Marine x3  
  143  7:56  Marine  
  143  7:57  Marine  
  145  8:01  Marauder  
  147  8:08  Marine x3  
  147  8:09  Siege Tank  
  147  8:10  Factory Tech Lab  
  147  8:11  Marauder  
  155  8:14  Marine x3  
  155  8:15  Barracks Reactor  
  158  8:22  Marauder  
  160  8:31  Marine x3  
  160  8:32  Barracks Reactor  
  160  8:33  Marauder, Siege Tank, Medivac x2  
  172  8:40  Concussive Shells, Marine x2  
  172  8:41  Siege Tank  
  177  8:43  Marauder  
  177  8:48  Marine  
  180  8:49  Marine x2  
  180  8:50  Command Center  
  180  8:54  Marauder, Marine  
  169  9:05  Marauder  
  169  9:06  Marine  
  169  9:07  Siege Tank, Medivac, Marine x3  
  169  9:08  Medivac  
  177  9:14  Marine  
  177  9:15  Marauder, Marine  
  181  9:18  Marine x4  
  185  9:26  Marauder  
  185  9:29  Marine  
  185  9:30  Marine  
  185  9:31  Marine  
  186  9:32  Siege Tank  
  186  9:36  Marine x2  
  186  9:37  Marauder  
  185  9:40  Marine x2  
  185  9:43  Marine x2  
  185  9:44  Siege Tank  
  185  9:45  Medivac, Marine  
  191  9:47  Marauder  
  191  9:50  Factory  
  191  9:51  Marine x2  
  195  9:54  Marine  
  195  9:58  Terran Infantry Weapons Level 3, Marine  
  197  10:01  Marine  
  197  10:02  Marauder  
  181  10:07  Marine x2  
  181  10:09  Marauder  
  181  10:10  Marine x2  
  181  10:12  Marine  
  147  10:15  Marine  
  147  10:19  Marine  
  144  10:23  Marauder  
  142  10:30  Marauder  
  142  10:34  Marine x4  
  145  10:37  Marine  
  145  10:38  Factory Tech Lab  
  146  10:45  Marauder, Marine  
  146  10:46  Command Center  
  149  10:52  Marauder, Marine x3  
  149  10:53  Marine  
  149  10:54  Siege Tank x2, Medivac x2  
  164  10:57  Marine  
  164  11:04  Marine x2  
  165  11:06  Marauder, Marine  
  169  11:11  Marine x2  
  152  11:20  Marine  
  152  11:27  Medivac x2  
  152  11:28  Thor  
  152  11:30  Thor  
  152  11:31  Thor  
  172  11:40  Missile Turret  
  172  11:45  Planetary Fortress  
  172  11:46  Marauder, Marine x2  
  176  11:51  Terran Vehicle Weapons Level 1  
  176  11:52  Marauder, Marine  
  176  11:53  Marine  
  179  12:04  Marine x2  
  179  12:05  Medivac x2  
  189  12:14  Marine x2  
  194  12:16  Thor  
  194  12:17  Marauder x2  
  194  12:23  Thor  
  200  12:33  Refinery  
  200  12:34  Refinery  
  198  13:04  Thor x2  
  191  13:11  Thor  
  191  13:12  Medivac x2, Marine x2  
  176  13:13  Marauder x2, Marine x4  
  176  13:14  Marine x2  
  176  13:17  Marine x2  
  179  13:25  Missile Turret  
  176  13:30  Marine x4  
  176  13:31  Marine x2  
  183  13:34  Marauder x2  
  183  13:37  Marine x2  
Tags
 
Add a new tag
Caveats
  • Supply blocks, unpowered buildings, or Contaminate may cause inaccurate times.
  • Supply counts are checked every 10 seconds.